 Seeded DCSS version 0.29.1-13-g9f3cf754e1 (webtiles) character file.

Game seed: 13057367460444660953 (custom seed)

2 theblackgale the Ruffian (level 1, 0/16 HPs)
             Began as a Draconian Transmuter on Jan 26, 2023.
             Slain by an endoplasm (2 damage)
             ... on level 1 of the Dungeon.
             The game lasted 00:01:42 (112 turns).

theblackgale the Ruffian (Draconian Transmuter)      Turns: 112, Time: 00:01:42

Health: 0/16       AC:  4    Str: 10 (12) XL:     1   Next: 33%
Magic:  3/3        EV: 12    Int: 11 (13) God:
Gold:   12         SH:  0    Dex: 10 (11) Spells: 3/4 levels left

rFire   . . .      SeeInvis .   b - +0 mace
rCold   . . .      Faith    .   (no shield)
rNeg    . . .      Spirit   .   (body armour unavailable)
rPois   .          Reflect  .   (helmet restricted)
rElec   .          Harm     .   (no cloak)
rCorr   .          Rampage  .   (no gloves)
Will    .....                   (no boots)
Stlth   +.........              (no amulet)
HPRegen 0.05/turn               (no ring)
MPRegen 0.08/turn               (no ring)

@: no status effects
A: AC +4, unfitting armour, cold-blooded
a: no special abilities


You were on level 1 of the Dungeon.
You visited 1 branch of the dungeon, and saw 1 of its levels.

You collected 12 gold pieces.

Inventory:

Hand Weapons
 b - a +0 mace (weapon)
Potions
 a - a potion of lignification


   Skills:
 + Level 1.1 Fighting
 + Level 1.7 Dodging
 + Level 3.1 Unarmed Combat
 + Level 2.0 Spellcasting
 + Level 2.1 Transmutations


You had 3 spell levels left.
You knew the following spells:

 Your Spells              Type           Power      Damage    Failure   Level
a - Beastly Appendage     Tmut           10%        N/A       12%         1

Your spell library contained the following spells:

 Spells                   Type           Power      Damage    Failure   Level
 Wereblood                Tmut           5%         N/A       19%         2
 Spider Form              Tmut/Pois      3%         N/A       50%         3
 Ice Form                 Ice/Tmut       3%         N/A       88%         4


Dungeon Overview and Level Annotations

Branches:
Dungeon (1/15)

Altars:


Innate Abilities, Weirdness & Mutations

Your plain brown scales are hard. (AC +4)
You cannot fit into any form of body armour.
You are cold-blooded and may be slowed by cold attacks.


Message History

The kobold shouts!
An endoplasm comes into view.
The endoplasm quivers.
You hit the kobold.
The kobold is moderately wounded.
The kobold hits you with a +0 short sword.
You barely miss the kobold.
The kobold is moderately wounded.
The kobold completely misses you.
You closely miss the kobold. You tail-slap the kobold.
The kobold is heavily wounded.
The kobold closely misses you. The kobold barely misses you.
You closely miss the kobold. You tail-slap the kobold.
The kobold is severely wounded.
The kobold barely misses you.
You miss the kobold.
The kobold is severely wounded.
The kobold barely misses you.
The kobold hits you with a +0 short sword.
The endoplasm freezes you.
You are frozen.
You closely miss the kobold.
The kobold is severely wounded.
The kobold hits you with a +0 short sword.
* * * LOW HITPOINT WARNING * * *
The endoplasm hits you but does no damage.
The endoplasm attacks as you move away! The endoplasm hits you.
* * * LOW HITPOINT WARNING * * *
The kobold attacks as you move away!
The kobold hits you with a +0 short sword.
* * * LOW HITPOINT WARNING * * *
The kobold throws a stone.
The stone closely misses you.
The kobold throws a stone.
The stone misses you.
A kobold is nearby!
The kobold throws a stone.
The stone barely misses you.
A kobold is nearby!
The kobold throws a stone.
The stone barely misses you.
A kobold is nearby!
The endoplasm hits you.
You die...

...#####.....###.K#####.#
.....................##.#
~......~~~~~....J.##.##K#
.~~~~.......~..#..##.##.#
.....~....~~[.K#........#
..~.<....~.....#.###.#####
~.~.~~~~~...#..#.#.......# #
..~(...........J.#.#.###.....
#.~...~.###.....@....###....[
#.~...~.##.......#.##........
#..~.~..##.#.....#.##.#......
##..~..###.#.....#..... .....
##...## # ##########... #...
###.# ## .# .. ##


You could see 2 endoplasms.

Vanquished Creatures
  An endoplasm (D:1)
  A hobgoblin (D:1)
2 creatures vanquished.

Notes
Turn   | Place    | Note
-------+----------+-------------------------------------------
     0 | D:1      | theblackgale the Draconian Transmuter began the quest for
                  | the Orb.
     0 | D:1      | Reached XP level 1. HP: 16/16 MP: 3/3
   112 | D:1      | Slain by an endoplasm

Illustrated notes

Levels and vault maps discovered:
D:1:      ebering_trefoil_3fold, layout_loops_cross

Action                   || total
-------------------------++-------
Melee: Mace              ||    11
       Tailslap          ||     4
       Punch             ||     1
  Use: Potion            ||     1
Armor: Skin              ||     1
Dodge: Dodged            ||    13
